 Dungeon Crawl Stone Soup version 0.26.1-11-gd32895ea62 (webtiles) character file.

Game seed: 13404711138952385787

543 Almogavar the Fighter (level 7, 0/63 HPs)
             Began as a Gnoll Wanderer on Apr 21, 2021.
             Was a Follower of Okawaru.
             Slain by an ogre
             ... wielding a +0 giant spiked club
              (16 damage)
             ... on level 5 of the Dungeon.
             The game lasted 00:14:12 (4591 turns).

Almogavar the Fighter (Gnoll Wanderer)              Turns: 4591, Time: 00:14:12

Health: 0/63       AC: 11    Str: 16      XL:     7   Next: 27%
Magic:  10/10      EV:  3    Int: 17      God:    Okawaru [*.....]
Gold:   257        SH: 14    Dex:  7 (12) Spells: 10/10 levels left

rFire    . . .     SeeInvis .   v - +3 mace
rCold    . . .     Faith    .   i - +2 tower shield
rNeg     . . .     Spirit   .   e - +0 chain mail
rPois    .         Reflect  .   (no helmet)
rElec    .         Harm     .   m - +0 cloak
rCorr    +         Rampage  .   (no gloves)
Will     .....                  (no boots)
Stlth    ..........             (no amulet)
HPRegen  0.20/turn              j - ring of wizardry
MPRegen  0.12/turn              t - ring of resist corrosion

@: no status effects
A: distributed training, fangs 1, strong nose
a: Renounce Religion, Heroism


You were on level 5 of the Dungeon.
You worshipped Okawaru.
Okawaru was aware of your devotion.
You visited 1 branch of the dungeon, and saw 5 of its levels.

You collected 257 gold pieces.

Inventory:

Hand Weapons
 g - a +5 spear
 v - a +3 mace (weapon)
Missiles
 f - 4 silver boomerangs
 l - 5 boomerangs (quivered)
Armour
 e - a +0 chain mail (worn)
 i - a +2 tower shield (worn)
 m - a +0 cloak (worn)
Jewellery
 j - a ring of wizardry (left hand)
 t - a ring of resist corrosion (right hand)
Wands
 n - a wand of iceblast (12)
Scrolls
 b - 2 scrolls of fear
 c - a scroll of blinking
 o - 2 scrolls of remove curse
 p - 2 scrolls of teleportation
 q - a scroll of enchant armour
 r - 5 scrolls of magic mapping
Potions
 a - 2 potions of might
 d - 2 potions of curing
 h - a potion of heal wounds
 k - 2 potions of magic
 s - a potion of lignification


   Skills:
 + Level 8.9 Fighting
 + Level 2.3 Short Blades
 + Level 2.3 Long Blades
 + Level 2.3 Axes
 + Level 3.5 Maces & Flails
 + Level 2.3 Polearms
 + Level 2.3 Staves
 + Level 2.3 Slings
 + Level 2.3 Bows
 + Level 2.3 Crossbows
 + Level 3.5 Throwing
 + Level 5.2 Armour
 + Level 2.3 Dodging
 + Level 2.3 Stealth
 + Level 3.5 Shields
 + Level 3.5 Unarmed Combat
 + Level 2.3 Spellcasting
 + Level 1.9 Conjurations
 + Level 1.9 Hexes
 + Level 1.9 Summonings
 + Level 1.9 Necromancy
 + Level 1.9 Translocations
 + Level 1.9 Transmutations
 + Level 1.9 Fire Magic
 + Level 1.9 Ice Magic
 + Level 1.9 Air Magic
 + Level 1.9 Earth Magic
 + Level 1.9 Poison Magic
 + Level 2.6 Invocations
 + Level 2.3 Evocations


You had 10 spell levels left.
You didn't know any spells.
Your spell library was empty.

Dungeon Overview and Level Annotations

Branches:
Dungeon (5/15)
 Temple: D:4-7

Altars:
Okawaru

Shops:
D:4 ?

Annotations:
D:4 Eustachio


Innate Abilities, Weirdness & Mutations

Your experience applies equally to all skills.
You have very sharp teeth.
Your uncanny sense of smell can sniff out nearby items.


Message History

There is a stone staircase leading down here.
The white imp disappears for a moment.
You block the quasit's attack. The quasit barely misses you.
The quasit claws you.
You feel clumsy.
You climb downwards.
The ogre completely misses you.
There is a stone staircase leading up here.
You hit the ogre but do no damage. You bite the ogre, but do no damage.
The ogre hits you with a +0 giant spiked club!
* * * LOW HITPOINT WARNING * * *
You sock the ogre!
The ogre is heavily wounded.
The ogre hits you but does no damage.
Your chain mail prevents you from hitting the ogre.
The ogre is heavily wounded.
You block the ogre's attack.
You hit the ogre. You bite the ogre, but do no damage.
The ogre is heavily wounded.
The ogre hits you with a +0 giant spiked club!
You die...

############
#..........###
#....@O......#
#...........>#
#............#
#............#
#......>.....#
#............##
######=...#...# ∆
......#......###
###..####..[...#####


You could see an ogre.

Vanquished Creatures
  Edmund (D:3)
  A sky beast (D:4)
  A bullfrog (D:2)
  The ghost of destino the Shield-Bearer, a weakling DgFi (D:3)
  Ijyb (D:3)
  A worker ant (D:5)
  A worker ant zombie (D:3)
  5 gnolls
  5 adders
  A river rat (D:2)
  An ooze (D:3)
  2 worms (D:3)
  A dart slug (D:1)
  2 leopard geckos
  2 ball pythons
  4 giant cockroaches
  6 goblins
  8 hobgoblins
  4 jackals (D:4)
  2 kobolds
  10 bats
  4 frilled lizards
  10 rats
74 creatures vanquished.

Notes
Turn   | Place    | Note
-------+----------+-------------------------------------------
     0 | D:1      | Almogavar the Gnoll Wanderer began the quest for the Orb.
     0 | D:1      | Almogavar set off with the following items: a +0 hand axe,
                  | a scroll of fear, a scroll of blinking, a potion of curing,
                  | a +0 robe
     0 | D:1      | Reached XP level 1. HP: 26/26 MP: 1/1
   234 | D:1      | Reached XP level 2. HP: 30/33 MP: 2/2
   704 | D:1      | Reached XP level 3. HP: 28/38 MP: 3/3
  1183 | D:2      | Reached skill level 1 in Invocations
  1306 | D:2      | Reached skill level 1 in Short Blades
  1306 | D:2      | Reached skill level 1 in Long Blades
  1306 | D:2      | Reached skill level 1 in Axes
  1306 | D:2      | Reached skill level 1 in Polearms
  1306 | D:2      | Reached skill level 1 in Staves
  1306 | D:2      | Reached skill level 1 in Slings
  1306 | D:2      | Reached skill level 1 in Bows
  1306 | D:2      | Reached skill level 1 in Crossbows
  1306 | D:2      | Reached skill level 1 in Dodging
  1306 | D:2      | Reached skill level 1 in Stealth
  1306 | D:2      | Reached skill level 1 in Spellcasting
  1306 | D:2      | Reached skill level 1 in Evocations
  1318 | D:2      | Reached XP level 4. HP: 45/45 MP: 5/5
  1753 | D:3      | Found a runed translucent door.
  1756 | D:3      | Noticed destino's ghost (weakling DgFi)
  1756 | D:3      | Noticed a bullfrog
  1917 | D:3      | Noticed Ijyb
  1940 | D:3      | Reached skill level 1 in Conjurations
  1940 | D:3      | Reached skill level 1 in Hexes
  1940 | D:3      | Reached skill level 1 in Summonings
  1940 | D:3      | Reached skill level 1 in Necromancy
  1940 | D:3      | Reached skill level 1 in Translocations
  1940 | D:3      | Reached skill level 1 in Transmutations
  1940 | D:3      | Reached skill level 1 in Fire Magic
  1940 | D:3      | Reached skill level 1 in Ice Magic
  1940 | D:3      | Reached skill level 1 in Air Magic
  1940 | D:3      | Reached skill level 1 in Earth Magic
  1940 | D:3      | Reached skill level 1 in Poison Magic
  2032 | D:3      | Killed Ijyb
  2033 | D:3      | Reached XP level 5. HP: 36/51 MP: 5/7
  2206 | D:3      | Found a runed translucent door.
  3294 | D:3      | Killed destino's ghost
  3295 | D:3      | Reached XP level 6. HP: 34/57 MP: 8/8
  3515 | D:4      | Found an iron altar of Okawaru.
  3522 | D:4      | Became a worshipper of Warmaster Okawaru
  3610 | D:4      | Noticed Edmund
  3662 | D:3      | Killed Edmund
  3663 | D:3      | Reached skill level 5 in Armour
  4065 | D:4      | Found Ytil's Magic Scroll Shoppe.
  4123 | D:5      | Entered Level 5 of the Dungeon
  4288 | D:5      | Noticed Eustachio
  4316 | D:4      | Reached XP level 7. HP: 52/63 MP: 10/10
  4473 | D:4      | Reached * piety under Okawaru
  4591 | D:5      | Slain by an ogre

Illustrated notes

Levels and vault maps discovered:
D:1:      ebering_trefoil_3fold, layout_basic, kennysheep_pointless_box
D:2:      layout_basic
D:3:      layout_basic, serial_co_window_serial, co_window_corner_a,
          co_window_paths_a, co_window_of_opportunity_a, co_window_corner_a,
          co_window_corner_a, co_window_corner_b, co_window_unsneaky_path_b,
          co_window_2corner, co_window_4corner_b, co_window_paths_e,
          glass_columns_a, glass_columns_c, glass_columns_a, glass_columns_a,
          ebering_ghost_sewer_f, uniq_ijyb
D:4:      layout_rooms, serial_shops, kennysheep_little_box,
          okawaru_ov_weapons_minmay, uniq_edmund
D:5:      layout_rooms, minivault_25, uniq_eustachio

Skill      XL: |  1  2  3  4  5  6 |
---------------+-------------------+-----
Invocations    | 1 2 |  2.6
Short Blades   | 1 2 |  2.3
Long Blades    | 1 2 |  2.3
Axes           | 1 2 |  2.3
Polearms       | 1 2 |  2.3
Staves         | 1 2 |  2.3
Slings         | 1 2 |  2.3
Bows           | 1 2 |  2.3
Crossbows      | 1 2 |  2.3
Dodging        | 1 2 |  2.3
Stealth        | 1 2 |  2.3
Spellcasting   | 1 2 |  2.3
Evocations     | 1 2 |  2.3
Conjurations   | 1 |  1.9
Hexes          | 1 |  1.9
Summonings     | 1 |  1.9
Necromancy     | 1 |  1.9
Translocations | 1 |  1.9
Transmutations | 1 |  1.9
Fire Magic     | 1 |  1.9
Ice Magic      | 1 |  1.9
Air Magic      | 1 |  1.9
Earth Magic    | 1 |  1.9
Poison Magic   | 1 |  1.9
Maces & Flails | 3 |  3.5
Throwing       | 3 |  3.5
Shields        | 3 |  3.5
Unarmed Combat | 3 |  3.5
Armour         | 5 |  5.2
Fighting       | |  8.9

Action                   |  1- 3 |  4- 6 |  7- 9 || total
-------------------------+-------+-------+-------++-------
Melee: Spear             |    66 |   152 |       ||   218
       Hand axe          |     7 |       |       ||     7
       Bite              |     6 |    21 |    11 ||    38
       Mace              |       |    46 |    69 ||   115
       Unarmed           |       |    14 |       ||    14
Throw: Boomerang         |       |     4 |     4 ||     8
  Use: Scroll            |     3 |    10 |       ||    13
       Potion            |       |     1 |       ||     1
 Stab: Sleeping          |     2 |       |       ||     2
Armor: Robe              |     8 |       |       ||     8
       Ring mail         |     6 |     5 |       ||    11
       Chain mail        |       |    61 |   170 ||   231
Dodge: Dodged            |    28 |    28 |    35 ||    91
Block: Tower shield      |       |   140 |   137 ||   277
